| TOP OF THE 1ST |
|
Trois-Riveres Aigles batting - Pitching for York Revolution : LHP Shirou Yoshida
|
|
Pitching: LHP Shirou Yoshida
|
|
|
Batting: RHB Kyler Seitz
|
0-0: Ball 1-0: Foul Ball, location: 2F 1-1: Ball 2-1: Foul Ball, location: 2F 2-2: Strikes out swinging
|
|
Batting: RHB Willie Acevedo
|
0-0: Foul Ball, location: 2F 0-1: Called Strike 0-2: Ground out 5-3 (Groundball, 56S, EV 85.0 MPH)
|
|
Batting: RHB Dave Galloway
|
0-0: Ball 1-0: Ball 2-0: Foul Ball, location: 2F 2-1: Foul Ball, location: 2F 2-2: Ball 3-2: Strikes out swinging
|
| Top of the 1st over - 0 runs, 0 hits, 0 errors, 0 left on base; Trois-Riveres 0 - York 0 |
| BOTTOM OF THE 1ST |
|
York Revolution batting - Pitching for Trois-Riveres Aigles : LHP Alex Viera
|
|
Pitching: LHP Alex Viera
|
|
|
Batting: LHB Jonathan Roman
|
0-0: Called Strike 0-1: Ball 1-1: Fly out, F5 (Popup, 5L, EV 77.5 MPH)
|
|
Batting: RHB Juan Valadez
|
0-0: Ball 1-0: Foul Ball, location: 2F 1-1: Swinging Strike 1-2: Strikes out swinging
|
|
Batting: RHB Jose Corral
|
0-0: Called Strike 0-1: Fly out, F8 (Flyball, 8RXD, EV 103.1 MPH)
|
| Bottom of the 1st over - 0 runs, 0 hits, 0 errors, 0 left on base; Trois-Riveres 0 - York 0 |
| TOP OF THE 2ND |
|
Trois-Riveres Aigles batting - Pitching for York Revolution : LHP Shirou Yoshida
|
|
Batting: RHB Jason Penfield
|
0-0: Ball 1-0: Ball 2-0: TRIPLE (Flyball, 89XD, EV 113.8 MPH)
|
|
Batting: RHB Alex Zamora
|
0-0: Ball 1-0: Foul Ball, location: 2F 1-1: Called Strike 1-2: Foul Ball, location: 2F 1-2: Ball 2-2: Foul Ball, location: 2F 2-2: Foul Ball, location: 2F 2-2: Strikes out looking
|
|
Batting: RHB Bogumil Filipowski
|
0-0: Called Strike 0-1: Called Strike 0-2: Ball 1-2: Strikes out swinging
|
|
Batting: RHB Sandoval Serzedelo
|
0-0: Foul Ball, location: 2F 0-1: Ball 1-1: Called Strike 1-2: Strikes out swinging
|
| Top of the 2nd over - 0 runs, 1 hit, 0 errors, 1 left on base; Trois-Riveres 0 - York 0 |
| BOTTOM OF THE 2ND |
|
York Revolution batting - Pitching for Trois-Riveres Aigles : LHP Alex Viera
|
|
Batting: LHB Eric Farren
|
0-0: Foul Ball, location: 2F 0-1: Ball 1-1: Foul Ball, location: 2F 1-2: Ball 2-2: Ball 3-2: Ground out 4-3 (Groundball, 4, EV 89.4 MPH)
|
|
Batting: RHB Eddie Serna
|
0-0: Swinging Strike 0-1: Swinging Strike 0-2: Foul Ball, location: 2F 0-2: Ball 1-2: Fly out, F9 (Flyball, 9S, EV 95.6 MPH)
|
|
Batting: SHB Steve DeRienzo
|
0-0: Ball 1-0: Called Strike 1-1: SINGLE (Groundball, 3D, EV 95.0 MPH)
|
|
Batting: RHB Ivan Barrientos
|
0-0: Called Strike 0-1: Foul Ball, location: 2F 0-2: Ball 1-2: Strikes out swinging
|
| Bottom of the 2nd over - 0 runs, 1 hit, 0 errors, 1 left on base; Trois-Riveres 0 - York 0 |
| TOP OF THE 3RD |
|
Trois-Riveres Aigles batting - Pitching for York Revolution : LHP Shirou Yoshida
|
|
Batting: LHB Sean Boenig
|
0-0: Ball 1-0: Ground out 6-3 (Groundball, 6M, EV 83.1 MPH)
|
|
Batting: RHB Gilbert Hoareau
|
0-0: Called Strike 0-1: Ground out 6-3 (Groundball, 6, EV 81.2 MPH)
|
|
Batting: RHB Kyler Seitz
|
0-0: Called Strike 0-1: Foul Ball, location: 2F 0-2: Foul Ball, location: 2F 0-2: Fly out, F9 (Flyball, 9LD, EV 101.9 MPH)
|
| Top of the 3rd over - 0 runs, 0 hits, 0 errors, 0 left on base; Trois-Riveres 0 - York 0 |
| BOTTOM OF THE 3RD |
|
York Revolution batting - Pitching for Trois-Riveres Aigles : LHP Alex Viera
|
|
Batting: RHB Simon Mergeni
|
0-0: Ground out 4-3 (Groundball, 4, EV 86.9 MPH)
|
|
Batting: RHB Alexis Graciani
|
0-0: Ball 1-0: Called Strike 1-1: Foul Ball, location: 2F 1-2: Ball 2-2: Strikes out swinging
|
|
Batting: LHB Jonathan Roman
|
0-0: Foul Ball, location: 2F 0-1: Foul Ball, location: 2F 0-2: Ball 1-2: Ball 2-2: Ball 3-2: Base on Balls
|
|
Batting: RHB Juan Valadez
|
0-0: Called Strike 0-1: SINGLE (Line Drive, 7LS, EV 89.4 MPH) Jonathan Roman to second
|
|
Batting: RHB Jose Corral
|
0-0: Called Strike 0-1: Called Strike 0-2: Strikes out swinging
|
| Bottom of the 3rd over - 0 runs, 1 hit, 0 errors, 2 left on base; Trois-Riveres 0 - York 0 |
| TOP OF THE 4TH |
|
Trois-Riveres Aigles batting - Pitching for York Revolution : LHP Shirou Yoshida
|
|
Batting: RHB Willie Acevedo
|
0-0: Ball 1-0: Called Strike 1-1: Fly out, F8 (Line Drive, 8RM, EV 104.4 MPH)
|
|
Batting: RHB Dave Galloway
|
0-0: Ground out 6-3 (Groundball, 6, EV 82.5 MPH)
|
|
Batting: RHB Jason Penfield
|
0-0: Ball 1-0: Foul Ball, location: 2F 1-1: Ball 2-1: Ball 3-1: Base on Balls
|
|
Batting: RHB Alex Zamora
|
0-0: Ball 1-0: Ball 2-0: Ball 3-0: Base on Balls Jason Penfield to second
|
|
Batting: RHB Bogumil Filipowski
|
0-0: Ground out 4-3 (Groundball, 4, EV 86.2 MPH)
|
| Top of the 4th over - 0 runs, 0 hits, 0 errors, 2 left on base; Trois-Riveres 0 - York 0 |
| BOTTOM OF THE 4TH |
|
York Revolution batting - Pitching for Trois-Riveres Aigles : LHP Alex Viera
|
|
Batting: LHB Eric Farren
|
0-0: Called Strike 0-1: Swinging Strike 0-2: Foul Ball, location: 2F 0-2: Ball 1-2: Ball 2-2: Ball 3-2: Fly out, F7 (Line Drive, 78M, EV 98.1 MPH)
|
|
Batting: RHB Eddie Serna
|
0-0: Ball 1-0: Ball 2-0: Foul Ball, location: 2F 2-1: Ball 3-1: Ground out 4-3 (Groundball, 4, EV 84.4 MPH)
|
|
Batting: SHB Steve DeRienzo
|
0-0: Ball 1-0: Ball 2-0: Foul Ball, location: 2F 2-1: Swinging Strike 2-2: Strikes out swinging
|
| Bottom of the 4th over - 0 runs, 0 hits, 0 errors, 0 left on base; Trois-Riveres 0 - York 0 |
| TOP OF THE 5TH |
|
Trois-Riveres Aigles batting - Pitching for York Revolution : LHP Shirou Yoshida
|
|
Batting: RHB Sandoval Serzedelo
|
0-0: Ground out 6-3 (Groundball, 6M, EV 103.1 MPH)
|
|
Batting: LHB Sean Boenig
|
0-0: Called Strike 0-1: Ball 1-1: Ball 2-1: Ball 3-1: Foul Ball, location: 2F 3-2: Strikes out swinging
|
|
Batting: RHB Gilbert Hoareau
|
0-0: Called Strike 0-1: Foul Ball, location: 2F 0-2: Ball 1-2: DOUBLE (Flyball, 8LD, EV 86.9 MPH)
|
|
Batting: RHB Kyler Seitz
|
0-0: Ball 1-0: Called Strike 1-1: Ball 2-1: Ball 3-1: Called Strike 3-2: Base on Balls
|
|
Batting: RHB Willie Acevedo
|
0-0: Foul Ball, location: 2F 0-1: Called Strike 0-2: Ball 1-2: Ball 2-2: Strikes out swinging
|
| Top of the 5th over - 0 runs, 1 hit, 0 errors, 2 left on base; Trois-Riveres 0 - York 0 |
| BOTTOM OF THE 5TH |
|
York Revolution batting - Pitching for Trois-Riveres Aigles : LHP Alex Viera
|
|
Batting: RHB Ivan Barrientos
|
0-0: Ball 1-0: Ball 2-0: Ball 3-0: Base on Balls
|
|
Batting: RHB Simon Mergeni
|
0-0: Ball 1-0: Swinging Strike 1-1: Grounds into double play, 5-4-3 (Groundball, 5, EV 91.2 MPH)
|
|
Batting: RHB Alexis Graciani
|
0-0: Ball 1-0: Swinging Strike 1-1: Ball 2-1: Foul Ball, location: 2F 2-2: Ball 3-2: Strikes out swinging
|
| Bottom of the 5th over - 0 runs, 0 hits, 0 errors, 0 left on base; Trois-Riveres 0 - York 0 |
| TOP OF THE 6TH |
|
Trois-Riveres Aigles batting - Pitching for York Revolution : LHP Shirou Yoshida
|
|
Pitching: RHP Hugo Rodriguez
|
|
|
Batting: RHB Dave Galloway
|
0-0: Ball 1-0: Ground out 6-3 (Groundball, 6MS, EV 83.8 MPH)
|
|
Batting: RHB Jason Penfield
|
0-0: Fly out, F9 (Flyball, 9LMF, EV 111.2 MPH)
|
|
Batting: RHB Alex Zamora
|
0-0: Called Strike 0-1: Foul Ball, location: 2F 0-2: Ball 1-2: Foul Ball, location: 2F 1-2: Strikes out swinging
|
| Top of the 6th over - 0 runs, 0 hits, 0 errors, 0 left on base; Trois-Riveres 0 - York 0 |
| BOTTOM OF THE 6TH |
|
York Revolution batting - Pitching for Trois-Riveres Aigles : LHP Alex Viera
|
|
Batting: LHB Jonathan Roman
|
0-0: Ball 1-0: Swinging Strike 1-1: Foul Ball, location: 2F 1-2: Ball 2-2: Foul Ball, location: 2F 2-2: SINGLE (Groundball, 4S, EV 65.0 MPH) (infield hit)
|
|
Batting: RHB Juan Valadez
|
0-0: Called Strike 0-1: Swinging Strike 0-2: Strikes out looking
|
|
Batting: RHB Jose Corral
|
0-0: Ball 1-0: Called Strike Jonathan Roman steals 2nd base 1-1: Ball 2-1: Ball 3-1: Called Strike 3-2: Fly out, F6 (Popup, 6MD, EV 63.8 MPH)
|
|
Batting: LHB Eric Farren
|
0-0: Ball 1-0: Called Strike 1-1: Ground out U3 (Groundball, 34S, EV 90.0 MPH)
|
| Bottom of the 6th over - 0 runs, 1 hit, 0 errors, 1 left on base; Trois-Riveres 0 - York 0 |
| TOP OF THE 7TH |
|
Trois-Riveres Aigles batting - Pitching for York Revolution : RHP Hugo Rodriguez
|
|
Batting: RHB Bogumil Filipowski
|
0-0: Called Strike 0-1: Ball 1-1: Ball 2-1: Foul Ball, location: 2F 2-2: Strikes out looking
|
|
Batting: RHB Sandoval Serzedelo
|
0-0: Foul Ball, location: 2F 0-1: Called Strike 0-2: Strikes out swinging
|
|
Batting: LHB Sean Boenig
|
0-0: Ball 1-0: Ball 2-0: Called Strike 2-1: Ball 3-1: Base on Balls
|
|
Batting: RHB Gilbert Hoareau
|
0-0: Ball 1-0: Ball Sean Boenig steals 2nd, throwing error, E2 Sean Boenig to third 2-0: Called Strike 2-1: Ground out 4-3 (Groundball, 4M, EV 78.8 MPH)
|
| Top of the 7th over - 0 runs, 0 hits, 1 error, 1 left on base; Trois-Riveres 0 - York 0 |
| BOTTOM OF THE 7TH |
|
York Revolution batting - Pitching for Trois-Riveres Aigles : LHP Alex Viera
|
|
Batting: RHB Eddie Serna
|
0-0: Ball 1-0: SINGLE (Groundball, 56D, EV 101.2 MPH)
|
|
Batting: SHB Steve DeRienzo
|
0-0: Ball 1-0: Bunted foul 1-1: Bunted foul 1-2: Ball 2-2: Ball 3-2: Base on Balls Eddie Serna to second
|
|
Batting: RHB Ivan Barrientos
|
0-0: Ball 1-0: Called Strike 1-1: Fly out, F8 (Flyball, 8RS, EV 91.9 MPH)
|
|
Batting: RHB Simon Mergeni
|
0-0: Ball 1-0: Foul Ball, location: 2F 1-1: Ball 2-1: Called Strike 2-2: Ball 3-2: Foul Ball, location: 2F 3-2: Base on Balls Eddie Serna to third Steve DeRienzo to second
|
|
Batting: RHB Alexis Graciani
|
0-0: Ball 1-0: Swinging Strike 1-1: Foul Ball, location: 2F 1-2: Ball 2-2: Strikes out looking
|
|
Batting: LHB Jonathan Roman
|
0-0: Fly out, F7 (Flyball, 7S, EV 78.1 MPH)
|
| Bottom of the 7th over - 0 runs, 1 hit, 0 errors, 3 left on base; Trois-Riveres 0 - York 0 |
| TOP OF THE 8TH |
|
Trois-Riveres Aigles batting - Pitching for York Revolution : RHP Hugo Rodriguez
|
|
Pitching: LHP Ray Paul
|
|
|
Batting: RHB Kyler Seitz
|
0-0: Ball 1-0: Ball 2-0: Foul Ball, location: 2F 2-1: Swinging Strike 2-2: Ball 3-2: Foul Ball, location: 2F 3-2: Strikes out swinging
|
|
Batting: RHB Willie Acevedo
|
0-0: Ball 1-0: Called Strike 1-1: Ball 2-1: Ball 3-1: Swinging Strike 3-2: Foul Ball, location: 2F 3-2: Strikes out swinging
|
|
Batting: RHB Dave Galloway
|
0-0: Ball 1-0: Ball 2-0: Foul Ball, location: 2F 2-1: SINGLE (Groundball, 6MD, EV 107.5 MPH)
|
|
Batting: RHB Jason Penfield
|
0-0: Foul Ball, location: 2F 0-1: Fly out, F6 (Popup, 6D, EV 56.9 MPH)
|
| Top of the 8th over - 0 runs, 1 hit, 0 errors, 1 left on base; Trois-Riveres 0 - York 0 |
| BOTTOM OF THE 8TH |
|
York Revolution batting - Pitching for Trois-Riveres Aigles : LHP Alex Viera
|
|
Batting: RHB Juan Valadez
|
0-0: Ground out 5-3 (Groundball, 5S, EV 86.2 MPH)
|
|
Batting: RHB Jose Corral
|
0-0: Foul Ball, location: 2F 0-1: Called Strike 0-2: Foul Ball, location: 2F 0-2: Ball 1-2: Ball 2-2: Ball 3-2: Strikes out swinging
|
|
Batting: LHB Eric Farren
|
0-0: Ball 1-0: SOLO HOME RUN (Flyball, 8LXD, EV 108.8 MPH), Distance : 436 ft
|
|
Batting: RHB Eddie Serna
|
0-0: Ball 1-0: Ball 2-0: Ball 3-0: Base on Balls
|
|
Pitching: LHP Min Xue
|
|
|
Batting: SHB Steve DeRienzo
|
0-0: Called Strike 0-1: Ball 1-1: Called Strike 1-2: Ball 2-2: Ball 3-2: Foul Ball, location: 2F 3-2: Strikes out looking
|
| Bottom of the 8th over - 1 run, 1 hit, 0 errors, 1 left on base; Trois-Riveres 0 - York 1 |
| TOP OF THE 9TH |
|
Trois-Riveres Aigles batting - Pitching for York Revolution : LHP Ray Paul
|
|
Pitching: RHP Bobby Acevedo
|
|
|
Pinch Hitting: LHB Ian Cranton
|
0-0: Swinging Strike 0-1: Foul Ball, location: 2F 0-2: Strikes out swinging
|
|
Pinch Hitting: SHB Omar Cervantes
|
0-0: Ball 1-0: Ball 2-0: Called Strike 2-1: Swinging Strike 2-2: Fly out, F6 (Popup, 6M, EV 76.2 MPH)
|
|
Pinch Hitting: RHB Joe Hartigan
|
0-0: Ball 1-0: Called Strike 1-1: Foul Ball, location: 2F 1-2: Ball 2-2: Foul Ball, location: 2F 2-2: SINGLE (Groundball, 4MD, EV 105.0 MPH)
|
|
Pinch Hitting: RHB Gabe Wilcoxon
|
0-0: Ball 1-0: Ball 2-0: Called Strike 2-1: SINGLE (Line Drive, 8LS, EV 101.9 MPH) Joe Hartigan to second Runner from 2nd tries for 3rd, SAFE, throw by CF made to third
|
|
Pinch Hitting: RHB Matt Fritz
|
0-0: Ball 1-0: Ball 2-0: Foul Ball, location: 2F 2-1: Called Strike 2-2: Ground out 4-3 (Groundball, 4S, EV 80.6 MPH)
|
| Top of the 9th over - 0 runs, 2 hits, 0 errors, 2 left on base; Trois-Riveres 0 - York 1 |
|